[Event "EICC 2025"]
[Site "Eforie-Nord"]
[Date "2025.03.17"]
[Round "3.42"]
[White "Bartel, Mateusz"]
[Black "Willow, Jonah B"]
[Result "0-1"]
[Annotator "TA"]
[ECO "C13"]
[WhiteElo "2621"]
[BlackElo "2450"]
[PlyCount "56"]
[EventDate "2025.03.14"]
[EventType "swiss"]
[EventCountry "ROU"]
[SourceTitle "playchess.com"]
[Source "ChessBase"]
[SourceQuality "1"]
[TimeControl "40/5400+30:1800+30"]

1. e4 e6 2. d4 d5 3. Nc3 Nf6 4. Bg5 dxe4 5. Nxe4 Be7 6. Bxf6 gxf6 7. Qd2 c5 {[%emt 0:00:11] C13: French: Classical System: 4 Bg5 Be7, Alekhine-Chatard Attack.} 8. Nxc5 Bxc5 9. dxc5 Qxd2+ {[%emt 0:00:05] White has an edge.} 10. Kxd2 a5 11. Ne2 Ke7 {[%emt 0:11:13] Black sacrificed a pawn} 12. Nc3 Bd7 {[%emt 0:08:14] Against Na4} 13. a3 $146 (13. Bd3 Bc6 14. a3 Rg8 15. Rhg1 Nd7 16. b4 axb4 17. axb4 Rxa1 18. Rxa1 Rg4 19. Rb1 Bxg2 {½-½ Kovalev,V (2603)-Agmanov,Z (2430) Astana Zhuldyzdary op-A 2023 (6)}) 13... Rc8 14. Bd3 Rxc5 15. b4 Rg5 16. b5 Be8 17. h4 Rg7 18. Be4 Ra7 19. Rab1 {[%emt 0:11:31] Black must now prevent b6.} b6 20. Na4 Nd7 21. Ke3 (21. Bf3 $11 {keeps the balance.}) 21... Rc7 $17 22. Rhd1 {[%emt 0:00:02] [#]} (22. Bf3 $15) 22... Rg4 (22... f5 $1 $17 23. Bf3 (23. Bc6 Ne5 $17) 23... Rc4 (23... Rxc2 24. Rdc1 $17)) 23. Rxd7+ {[%emt 0:02:34] Loses the game.} Bxd7 $19 24. Nxb6 {[%emt 0:00:06] [#]} Rc3+ (24... Rxh4 25. Nxd7 Kxd7 (25... Rxd7 26. f4 $11) 26. b6 Rc3+ 27. Kd2 $16) 25. Bd3 Rxa3 (25... Rxh4 26. f4 Rc5 (26... Rxa3 $2 27. Nc4 $18) 27. c4 $15) 26. c4 (26. g3 $142) 26... e5 (26... Rxh4 27. c5 $19) (26... Rxg2 27. c5 e5 28. Nxd7 Kxd7 29. c6+ Kd6 30. b6 $16) 27. Nd5+ $2 (27. Nxd7 {is the only way for White.} Kxd7 28. b6) 27... Kd6 28. b6 {[%emt 0:01:24] [#]} (28. Nxf6 $142 Rd4 (28... Rxh4 29. c5+ Ke6 30. Nxd7 $17) (28... Rxc4 $2 29. Ke2 $19) 29. Ne4+ Ke7 30. Nc5) 28... Rxd3+ $1 {[%emt 0:03:32][%mdl 512] Weighted Error Value: White=0.57/Black=0.03 (flawless)   Mistake:       	White=6     	Black=1      OK:         	White=7     	Black=10     Best:        	---       	Black=2      Brilliant:      	---       	Black=1} 0-1

[Event "EICC 2025"]
[Site "Eforie-Nord"]
[Date "2025.03.17"]
[Round "3.43"]
[White "Pichot, Alan"]
[Black "Szpar, Milosz"]
[Result "1-0"]
[Annotator "TA"]
[ECO "C01"]
[WhiteElo "2613"]
[BlackElo "2449"]
[PlyCount "79"]
[EventDate "2025.03.14"]
[EventType "swiss"]
[EventCountry "ROU"]
[SourceTitle "playchess.com"]
[Source "ChessBase"]
[SourceQuality "1"]
[TimeControl "40/5400+30:1800+30"]

1. e4 e6 2. d4 d5 3. exd5 exd5 4. Nf3 Nf6 5. Bd3 c5 6. c3 Be7 7. O-O O-O 8. dxc5 Bxc5 9. Bf4 Nc6 {[%emt 0:01:39] C01: French: Exchange Variation.} 10. Nbd2 Re8 11. Qc2 h6 {[%emt 0:04:10] The position is equal.} 12. Rfe1 Be6 {[%emt 0:17:39] A sharp opening} 13. Nb3 Bd6 14. Qd2 $146 (14. Bxd6 Qxd6 15. h3 Rac8 16. Qd2 Bd7 17. Rad1 Rcd8 18. Bc2 Qc7 19. Rxe8+ Rxe8 20. Re1 Rxe1+ 21. Qxe1 {½-½ Stukalov,M (2253)-Krejcir,S (2187) W-ch WS/M/702 email 2018}) 14... Bxf4 15. Qxf4 Nh5 16. Qd2 Qf6 17. Re3 Nf4 18. Rae1 Re7 ({Black should play} 18... Bd7 $14) 19. Nfd4 Rae8 20. Rf3 (20. Bf1 {simplifies} Ng6 21. Nxe6 Rxe6 22. Qxd5 Rxe3 23. Rxe3 Rxe3 24. fxe3 Qe7 25. Qf3) 20... g5 21. g3 Bh3 (21... Qg7 $142) 22. Rxe7 (22. Rd1 $16 Ne5 23. gxf4 Nxf3+ 24. Nxf3) 22... Qxe7 $14 23. Re3 $36 {[%emt 0:00:09][%mdl 2048] White has some pressure.} (23. gxf4 $2 Qe1+ 24. Qxe1 Rxe1+) 23... Nxd4 {[%emt 0:03:37] Black is on the road to losing.} (23... Nxd3 $1 $14 {deserves consideration.} 24. Rxe7 Rxe7) 24. Nxd4 $16 (24. gxf4 $2 Nf3+ 25. Kh1 Nxd2 $19) (24. Bh7+ $2 Kxh7 25. Nxd4 Ne6 26. Qc2+ Kg8 $19) 24... Nxd3 (24... Ne6 $16 {is a better defense.}) 25. Rxe7 $18 (25. Qxd3 Qd8 $14) 25... Rxe7 {[%emt 0:00:06] [#]} 26. Nc2 {[%emt 0:00:04] Repels Re1+} (26. Qxd3 $2 {leads to mate.} Re1+) 26... Bf5 27. Ne3 Be4 28. Qd1 Ne5 {[%emt 0:02:15] [#]} (28... d4 $16) 29. f4 $1 ({And not} 29. Nxd5 Nf3+ $11) 29... Nf3+ 30. Kf2 gxf4 (30... Kg7 $142 31. Nf5+ (31. Nxd5 Bxd5 32. Qxd5 Nxh2 $18) 31... Bxf5 32. Qxf3 Be4) 31. gxf4 (31. Nxd5 fxg3+ 32. Kxg3 (32. hxg3 Re6 $18) 32... Re6 $18) 31... Rd7 32. Qa4 Rd8 33. Ng4 Rd6 34. Ne5 {[%emt 0:03:16] and Qe8+ would now be decisive} Nxe5 (34... Rf6 $142 35. Ke3 (35. Nxf3 Rxf4 36. Qxa7 Rxf3+ 37. Ke1 Kh7 $18) 35... Nxe5) 35. Qe8+ {[%emt 0:00:14] White is clearly winning.} Kg7 {[%emt 0:00:31] White must now prevent ...Nd3+.} 36. Qxe5+ Rf6 {[%emt 0:00:04] [#]} 37. c4 $1 Kg6 (37... Bb1 38. cxd5) 38. cxd5 Bf5 39. h4 Bg4 40. Kg3 {[%emt 0:00:25] Weighted Error Value: White=0.16 (very precise) /Black=0.37  Mistake:       	White=1     	Black=7      Inaccurate:     	White=2     	---        OK:         	White=14    	Black=6      Best:        	White=3     	Black=1      Strong:       	White=1     	---        Brilliant:      	White=1     	---} 1-0

[Event "EICC 2025"]
[Site "Eforie-Nord"]
[Date "2025.03.17"]
[Round "3.44"]
[White "Zanan, Evgeny"]
[Black "Abasov, Nijat"]
[Result "1/2-1/2"]
[Annotator "TA"]
[ECO "E04"]
[WhiteElo "2443"]
[BlackElo "2612"]
[PlyCount "76"]
[EventDate "2025.03.14"]
[EventType "swiss"]
[EventCountry "ROU"]
[SourceTitle "playchess.com"]
[Source "ChessBase"]
[SourceQuality "1"]
[TimeControl "40/5400+30:1800+30"]

1. d4 d5 2. c4 e6 3. Nf3 Nf6 4. g3 dxc4 5. Bg2 Bb4+ 6. Nbd2 b5 {[%emt 0:01:22] E04: Open Catalan: 5 Nf3.} 7. a3 Bxd2+ 8. Bxd2 Bb7 {[%emt 0:00:30] Black is slightly better.} 9. b3 cxb3 $146 (9... O-O 10. bxc4 bxc4 11. Qc2 Bd5 12. Bg5 c5 13. O-O cxd4 14. Rfd1 d3 15. exd3 cxd3 16. Rxd3 {½-½ Andreikin,D (2728)-Grischuk,A (2773) Titled Tuesday intern op 26th Oct blitz 2021 (8)}) 10. Qxb3 a6 11. a4 Bd5 12. Qb2 Nc6 13. axb5 axb5 {[%emt 0:00:50] Threatens to win with ...Rxa1+.} 14. O-O O-O 15. e3 Rb8 16. Rfc1 b4 17. Ra6 Qe8 18. Ne1 {[%emt 0:11:29] [#] and Bxd5 should not be overlooked} Bxg2 19. Kxg2 Ne7 20. Ra5 $1 Ne4 21. Nd3 {[%emt 0:07:49] Wards off c5} Rb5 (21... Nd5 $15) 22. Rxb5 $11 (22. Bxb4 Rxa5 23. Bxa5 Qa8 $17) 22... Qxb5 23. Bxb4 Qxd3 24. Bxe7 Re8 25. Qb1 ({Much worse is} 25. Rxc7 Nd2 26. Qc1 Qe4+ 27. Kg1 Nf3+ 28. Kf1 h5 $17 (28... Nxh2+ 29. Kg1 $17)) 25... Qd2 26. Rc2 Qa5 {[%emt 0:00:28][%cal Oa5f5] Repels Qb5} 27. f3 Nd6 {[%emt 0:01:28] The position is equal.} 28. Bxd6 cxd6 {[%emt 0:00:04][%mdl 4096] Endgame KQR-KQR} 29. Qa2 Qe1 30. Re2 Qc3 31. Qc2 Qa5 32. Qa2 Qb5 33. Rb2 Qg5 34. Qb3 e5 35. Qb5 {[%emt 0:01:10][%cal Rb5e8] [#]} Qe7 36. dxe5 dxe5 37. e4 h5 38. Rd2 g6 {[%emt 0:02:15] Weighted Error Value: White=0.06 (flawless) /Black=0.07 (flawless)   Mistake:       	---       	Black=1      Inaccurate:     	White=4     	Black=2      OK:         	White=10    	Black=12     Best:        	White=2     	---        Strong:       	White=1     	---} 1/2-1/2

[Event "EICC 2025"]
[Site "Eforie-Nord"]
[Date "2025.03.17"]
[Round "3.45"]
[White "Ghimpu, Samuel-Timotei"]
[Black "Ivanchuk, Vasyl"]
[Result "0-1"]
[Annotator "TA"]
[ECO "C02"]
[WhiteElo "2441"]
[BlackElo "2604"]
[PlyCount "70"]
[EventDate "2025.03.14"]
[EventType "swiss"]
[EventCountry "ROU"]
[SourceTitle "playchess.com"]
[Source "ChessBase"]
[SourceQuality "1"]
[TimeControl "40/5400+30:1800+30"]

1. e4 e6 2. d4 d5 3. e5 c5 4. c3 Nc6 5. Nf3 Bd7 6. Be2 Nge7 7. Na3 cxd4 8. cxd4 Nf5 9. Nc2 Nb4 10. O-O Nxc2 11. Qxc2 Qb6 12. Qd3 h6 {[%emt 0:08:47] C02: French: Advance Variation.} 13. Bd2 Bb4 14. Bc3 $146 (14. Bxb4 Qxb4 15. Rfc1 a6 16. Rc3 O-O 17. Rb3 Qa4 18. g4 Ne7 19. Rxb7 Ng6 20. Qd2 {1-0 Hector,J (2556)-Sumets,A (2575) Lund CellaVision Cup 2018 (5)}) 14... O-O {[%emt 0:02:53] White is slightly better.} 15. Qd2 a5 16. Rfc1 Rfc8 17. a4 Bxc3 18. bxc3 Qd8 19. Rcb1 Rc7 20. Ra3 Rac8 21. g3 Qe8 22. Bb5 ({White should try} 22. Qb2 $14) 22... Qf8 23. Qc1 Bxb5 24. Rxb5 f6 25. exf6 (25. Rxa5 fxe5 26. Nxe5 Nxd4 $19) (25. g4 $11 {keeps the balance.} Ne7 26. Rab3) 25... Nd6 ({Black should try} 25... Qxf6 $17 {...Nd6 would now be deadly.} 26. Rxa5 Nxg3 27. hxg3 Qxf3) 26. Rbb3 $11 Nc4 $36 {[%emt 0:00:11][%mdl 2048] Black has the initiative.} 27. Ra2 (27. Ne5 $5 Nxa3 28. fxg7 Rxg7 29. Rxa3 $11) 27... Qxf6 28. Ne1 Qf5 29. Qc2 Nd6 30. f3 {[%emt 0:00:27] [#] Prevents Ne4.} (30. Qxf5 $15 exf5 31. Rb6) 30... Qxc2 $1 $17 31. Rxc2 Rc4 32. Nd3 Nf5 33. Rd2 (33. Rc1 $17) 33... Rxc3 $19 (33... Rxa4 $6 34. Kf2 $11) 34. Rxc3 (34. Rxb7 {is a better defense.} Nxd4 35. Ne5 Nxf3+ 36. Nxf3 Rxf3 37. Ra7) 34... Rxc3 35. Nc5 {[%emt 0:00:29] [#]} Nxd4 $1 {[%emt 0:00:36][%mdl 512] Weighted Error Value: White=0.25 (precise) /Black=0.08 (flawless)   Mistake:       	White=5     	Black=1      Inaccurate:     	White=2     	Black=1      OK:         	White=5     	Black=12     Best:        	White=1     	Black=1      Strong:       	---       	Black=1} 0-1